 Dungeon Crawl Stone Soup version 0.30-a0-743-gbfdf073431 (webtiles) character file.

Game seed: 4483840397244464408

60 Crownlay the Digger (level 4, -2/27 HPs)
             Began as an Octopode Earth Elementalist on Feb 7, 2023.
             Slain by Crazy Yiuf
             ... wielding a +3 quarterstaff of chaos
              (15 damage)
             ... on level 2 of the Dungeon.
             The game lasted 00:02:30 (1845 turns).

Crownlay the Digger (Octopode Earth Elementalist)   Turns: 1845, Time: 00:02:31

Health: -2/27      AC:  1    Str:  7    XL:     4   Next: 4%
Magic:  6/7        EV: 13    Int: 19    God:
Gold:   107        SH:  0    Dex: 12    Spells: 3/7 levels left

rFire   . . .      SeeInvis +    c - +0 mace
rCold   . . .      Faith    .    (no shield)
rNeg    . . .      Spirit   .    (helmet restricted)
rPois   .          Reflect  .    (no amulet)
rElec   .          Harm     .    f - ring of see invisible
rCorr   .          Rampage  .    (no ring)
Will    .....                    (no ring)
Stlth   +++                      (no ring)
HPRegen 0.24/turn                (no ring)
MPRegen 0.10/turn                (no ring)
                                 (no ring)
                                 (no ring)

@: no status effects
A: almost no armour, amphibious, 8 rings, camouflage 1, gelatinous body 1,
(nimble swimmer 1), tentacles
a: no special abilities


You were on level 2 of the Dungeon.
You visited 1 branch of the dungeon, and saw 3 of its levels.

You collected 107 gold pieces.

Inventory:

Hand Weapons
 c - a +0 mace (weapon)
Jewellery
 f - a ring of see invisible (left tentacle)
Scrolls
 b - a scroll of summoning
 d - 2 scrolls of enchant armour
 e - a scroll of enchant weapon
 h - a scroll of fog
 i - a scroll of amnesia {unknown}
 j - 2 scrolls of teleportation {unknown}
 k - 2 scrolls of noise {unknown}
Potions
 a - a potion of magic
 g - a potion of curing
 l - a potion of cancellation {unknown}


   Skills:
 - Level 2.0 Dodging
 - Level 2.6 Stealth
 + Level 2.3 Spellcasting
 + Level 1.3 Conjurations
 + Level 1.2 Summonings
 + Level 1.6 Transmutations
 * Level 3.6 Earth Magic


You had 3 spell levels left.
You knew the following spells:

 Your Spells              Type           Power      Damage    Failure   Level
a - Sandblast             Erth           32%        2d9       3%          1
b - Stone Arrow           Conj/Erth      22%        3d8       19%         3

Your spell library contained the following spells:

 Spells                   Type           Power      Damage    Failure   Level
 Passwall                 Tmut/Erth      10%        N/A       9%          2
 Summon Small Mammal      Summ           24%        N/A       10%         1
 Apportation              Tloc           4%         N/A       17%         1
 Necrotise                Necr           8%         1d4       17%         1
 Petrify                  Tmut/Erth      12%        N/A       50%         4


Dungeon Overview and Level Annotations

Branches:
Dungeon (3/15)

Altars:

Annotations:
D:2 Crazy Yiuf


Innate Abilities, Weirdness & Mutations

You cannot wear most types of armour.
You are amphibious.
You can wear up to eight rings at the same time.
Your skin changes colour to match your surroundings (Stealth+).
Your rubbery body absorbs attacks. (AC +1, EV +1)
((You are camouflaged when in or above water. (Stealth+)))
You have tentacles for arms and can constrict up to eight enemies at once.


Message History

No target in view!
You can't see any susceptible monsters within range! (Use Z to cast anyway.)
There is a stone staircase leading up here.
Found 12 gold pieces.
d - 2 scrolls labelled DICHIF BUIGG (gained 1)
You pick up a book of Cantrips and begin reading...
You add the spells Necrotise, Summon Small Mammal and Apportation to your library.
There is a stone staircase leading up here.
As you read the scroll of identify, it crumbles to dust.
d - 2 scrolls of enchant armour You climb upwards.
Level annotation: 1 runed translucent door, Crazy Yiuf
There is a stone staircase leading down here.
Magic restored.
You see here a +0 trident.
Crazy Yiuf yells, "Goldfish seventy koolooloo!"
You open the door.
Casting: Sandblast (safe; 3% risk of failure)
Confirm with . or Enter, or press ? or * to list all spells.
The spell is quite dangerous to miscast (19% risk of failure)!
Continue anyway?
Okay, then.
Casting: Stone Arrow (quite dangerous; 19% risk of failure)
Confirm with . or Enter, or press ? or * to list all spells.
Aiming: Sandblast (safe; 3% risk of failure)
Press: ? - help, Shift-Dir - straight line, f - Crazy Yiuf
Aim: Crazy Yiuf, wielding a +3 quarterstaff of chaos and wearing a +0 cloak (84% to hit)
The blast of sand hits Crazy Yiuf.
Crazy Yiuf is moderately wounded.
Crazy Yiuf hits you with a +3 quarterstaff of chaos!
You are poisoned.
Crazy Yiuf hits you with a +3 quarterstaff of chaos!
* * * LOW HITPOINT WARNING * * *
Crazy Yiuf draws strength from your wounds!
Casting: Sandblast (safe; 3% risk of failure)
Confirm with . or Enter, or press ? or * to list all spells.
Okay, then.
It was a potion of curing.
You feel better.
Crazy Yiuf hits you with a +3 quarterstaff of chaos!
Ouch! That really hurt!
You die...

#....###.## #####
######## #....#
#..#####....
#####....<.# ♣.P.P♣
#......#....
....#......# ♣♣P..♣
#......#....
...........# ♣♣.♣♣
#......#....
...........# ♣♣.♣
#......#....
.....##...## ♣.♣♣
#......###.#
.......>...# ♣♣.♣
#......# #.#
.....#...)## ♣@♣♣
#......###..
..........## #g#
#..###......
...........# ...
#......#####
..........## #...#
#<........#
.........### #)..#
##..###.#.#
...........# #####
#.......#.##
..).......##
##..#.......
......#.#.#
###########....#.#...
......#.#.#
#......#..#..#.#.####


You could see Crazy Yiuf.

Vanquished Creatures
  2 adders
  An orc (D:3)
  2 ball pythons (D:1)
  5 endoplasms
  2 giant cockroaches (D:1)
  3 goblins
  4 hobgoblins
  5 quokkas
  3 bats
  5 frilled lizards (D:1)
  4 kobolds
  A rat (D:1)
37 creatures vanquished.

Notes
Turn   | Place    | Note
-------+----------+-------------------------------------------
     0 | D:1      | Crownlay the Octopode Earth Elementalist began the quest
                  | for the Orb.
     0 | D:1      | Reached XP level 1. HP: 11/11 MP: 3/3
    21 | D:1      | Found a faded altar of an unknown god.
   265 | D:1      | Reached XP level 2. HP: 17/17 MP: 0/5
   770 | D:1      | Reached skill level 1 in Conjurations
   771 | D:1      | Reached XP level 3. HP: 21/21 MP: 3/6
  1180 | D:2      | Reached skill level 1 in Summonings
  1184 | D:2      | Learned a level 3 spell: Stone Arrow
  1531 | D:2      | Found a runed translucent door.
  1532 | D:2      | Noticed Crazy Yiuf
  1768 | D:3      | Reached XP level 4. HP: 27/27 MP: 4/7
  1845 | D:2      | Slain by Crazy Yiuf

Illustrated notes

Levels and vault maps discovered:
D:1:      amcnicky_arrival_blooded_trapdoor, layout_basic,
          hellmonk_ecumenical_altar_leap_of_faith
D:2:      layout_basic, uniq_crazy_yiuf_cottage
D:3:      layout_loops_cross

Skill      XL: |  1  2  3 |
---------------+----------+-----
Conjurations   | 1 |  1.3
Summonings     | 1 |  1.2
Dodging        | |  2.0
Stealth        | |  2.6
Spellcasting   | |  2.3
Transmutations | |  1.6
Earth Magic    | |  3.6

Action                     |  1- 3 |  4- 6 || total
---------------------------+-------+-------++-------
  Melee: Mace              |     2 |       ||     2
   Cast: Sandblast         |    44 |     2 ||    46
    Use: Scroll            |     3 |     1 ||     4
         Potion            |       |     1 ||     1
  Dodge: Dodged            |     7 |       ||     7

Table legend: (Time is in decaauts)
 A = Elapsed time spent in this place.
 B = Non-inter-level travel time spent in this place.
 C = Inter-level travel time spent in this place.
 D = Time resting spent in this place.
 E = Time spent auto-exploring this place.
 F = Levels seen in this place.
 G = Mean time per level.
                   A        B        C        D        E       F      G
               +--------+--------+--------+--------+--------+-----+--------+
         Total |   1867 |   1798 |     69 |      0 |   1574 |   3 |  622.3 |
       Dungeon |   1867 |   1798 |     69 |      0 |   1574 |   3 |  622.3 |
               +--------+--------+--------+--------+--------+-----+--------+

Top non-repeatable levels by time:
     D:1: 1095 daAuts
     D:2: 750 daAuts
     D:3: 21 daAuts
